 Dungeon Crawl Stone Soup version 0.26-a0-651-gb41185065b (webtiles) character file.

Game seed: 4713295442736518024

6162 loralnil the Martial Artist (level 10, -9/77 HPs)
             Began as a Gnoll Transmuter on Oct 22, 2020.
             Was a Priest of the Shining One.
             Mangled by an ice beast (10 damage)
             ... on level 8 of the Dungeon.
             The game lasted 00:15:14 (8680 turns).

loralnil the Martial Artist (Gnoll Transmuter)      Turns: 8680, Time: 00:15:14

Health: -9/77      AC:  9    Str: 13    XL:     10   Next: 90%
Magic:  8/21       EV: 17    Int: 17    God:    the Shining One [***...]
Gold:   260        SH:  0    Dex: 17    Spells: 9/24 levels left

rFire    . . .     SeeInvis .     - Unarmed
rCold    . . .     Faith    .   (shield currently unavailable)
rNeg     + + .     Spirit   .   o - +2 robe {rN+}
rPois    .         Reflect  .   g - +0 helmet
rElec    .         Harm     .   f - +1 cloak
rCorr    .         Rampage  .   (gloves currently unavailable)
MR       +....                  w - +0 pair of boots
Stlth    ++........             (no amulet)
HPRegen  0.22/turn              c - ring of protection from magic
MPRegen  0.17/turn              b - ring of wizardry

@: blade hands, very slightly contaminated, glowing
A: distributed training, fangs 1, strong nose
a: End Transformation, Divine Shield, Renounce Religion


You were on level 8 of the Dungeon.
You worshipped the Shining One.
The Shining One was most pleased with you.
You had blades for hands.
You visited 1 branch of the dungeon, and saw 8 of its levels.

You collected 260 gold pieces.

Inventory:

Armour
 f - a +1 cloak (worn)
 g - a +0 helmet (worn)
 o - a +2 robe of positive energy (worn)
 r - a +0 pair of gloves (melded)
 w - a +0 pair of boots (worn)
Jewellery
 a - an uncursed ring of see invisible
 b - a ring of wizardry (right scythe-like blade)
 c - a ring of protection from magic (left scythe-like blade)
 x - an uncursed ring of fire
 F - an uncursed ring of magical power
 G - an uncursed ring of flight
 H - a +4 ring of protection
 I - an uncursed ring of protection from magic
Wands
 B - a wand of acid (2)
 D - a wand of paralysis (8)
Scrolls
 d - a scroll of magic mapping {unknown}
 e - 2 scrolls of fear
 j - 4 scrolls of remove curse
 l - 4 scrolls of noise {unknown}
 m - 2 scrolls of amnesia {unknown}
 p - 2 scrolls of identify
 y - 3 scrolls of teleportation {unknown}
 z - a scroll of enchant armour {unknown}
 A - 2 scrolls of enchant weapon {unknown}
 E - a scroll of blinking {unknown}
 J - a scroll of holy word {unknown}
Potions
 h - 9 potions of curing
 i - a potion of brilliance
 k - a potion of resistance
 n - a potion of berserk rage
 q - 2 potions of lignification
 s - 3 potions of ambrosia
 t - 2 potions of flight
 u - a potion of might
 v - a potion of cancellation {unknown}
 C - a potion of stabbing {unknown}


   Skills:
 + Level 6.3 Fighting
 + Level 5.7 Short Blades
 + Level 5.7 Long Blades
 + Level 5.7 Axes
 + Level 5.7 Maces & Flails
 + Level 5.7 Polearms
 + Level 5.7 Staves
 + Level 5.7 Slings
 + Level 5.7 Bows
 + Level 5.7 Crossbows
 + Level 5.7 Throwing
 + Level 5.7 Armour
 + Level 7.4 Dodging
 + Level 5.7 Stealth
 + Level 5.7 Shields
 + Level 8.8 Unarmed Combat
 + Level 7.7 Spellcasting
 + Level 4.7 Conjurations
 + Level 4.7 Hexes
 + Level 4.7 Summonings
 + Level 4.7 Necromancy
 + Level 4.7 Translocations
 + Level 6.1 Transmutations
 + Level 4.7 Fire Magic
 + Level 4.7 Ice Magic
 + Level 4.7 Air Magic
 + Level 4.7 Earth Magic
 + Level 4.7 Poison Magic
 + Level 6.2 Invocations
 + Level 5.7 Evocations


You had 9 spell levels left.
You knew the following spells:

 Your Spells              Type           Power        Failure   Level
a - Beastly Appendage     Tmut           ####..       6%          1
b - Wereblood             Tmut           ####....     7%          2
c - Spider Form           Tmut/Pois      ####......   12%         3
d - Ice Form              Ice/Tmut       ####....     22%         4
e - Blade Hands           Tmut           ####......   34%         5

Your spell library contained the following spells:

 Spells                   Type           Power        Failure   Level
 Magic Dart               Conj           ###.         8%          1
 Blink                    Tloc           N/A          9%          2
 Call Imp                 Summ           ###.....     9%          2
 Slow                     Hex            ###.....     9%          2
 Conjure Flame            Conj/Fire      ###.....     13%         3
 Mephitic Cloud           Conj/Pois/Air  ###.....     13%         3


Dungeon Overview and Level Annotations

Branches:
Dungeon (8/15)             Temple (0/1) D:7
   Lair: D:8-11

Altars:
Cheibriados
Dithmenos
Elyvilon
Fedhas
Qazlal
Ru
Sif Muna
Trog
Vehumet
Wu Jian
The Shining One
Beogh

Shops:
D:8 [


Innate Abilities, Weirdness & Mutations

Your experience applies equally to all skills.
You have very sharp teeth.
Your uncanny sense of smell can sniff out nearby items.


Message History

You feel sick.
You see here an adder corpse.
Casting: Blade Hands (dangerous; 10% risk of failure)
Confirm with . or Enter, or press ? or * to list all spells.
Your hands turn into razor-sharp scythe blades.
Your +0 pair of gloves melds into your body.
The ice beast hits you.
* * * LOW HITPOINT WARNING * * *
The ice beast freezes you!
* * * LOW HITPOINT WARNING * * *
Things that are here:
a cursed +3 great sword of freezing; a +0 robe; an orc corpse You slash the ice beast!
The ice beast is heavily wounded.
You feel sick.
You are no longer poisoned.
The ice beast hits you.
* * * LOW HITPOINT WARNING * * *
The ice beast freezes you!
You die...

##........... #..#......... ###
##.#......... ###.##
#....#.....#
#....###...≈≈≈≈≈≈≈≈
##.......≈≈≈≈≈≈≈≈≈≈≈
#......≈≈≈≈≈≈≈≈≈≈≈≈≈
#########.)†.≈≈≈≈≈≈≈≈≈≈≈≈≈≈≈
####_#⌠#.#.###@≈≈≈≈≈≈≈≈≈≈....≈≈
#_.#.#.#.#.8#.Y≈≈≈≈≈≈≈...... ..
#_............≈≈≈≈≈≈........
##............≈≈≈≈..........
#..#.#.#.#.8..............#
##.###.#####...>........... ###
### ##...............
#.......#.#...... ##.........†#


You could see an ice beast.

Vanquished Creatures
  Harold (D:7)
  An unseen horror (D:8)
  Pikel (D:7)
  A hornet (D:7)
  A hippogriff (D:7)
  2 yaks (D:8)
  A water moccasin (D:7)
  3 porcupines (D:8)
  Duvessa (D:7)
  An orc warrior (D:6)
  A sky beast (D:5)
  2 ice beasts
  5 ogres
  A phantom (D:6)
  A centaur (D:6)
  A crocodile (D:8)
  A bullfrog (D:7)
  A big kobold (D:7)
  2 scorpions
  Dowan (D:7)
  7 killer bees
  10 wights
  A howler monkey (D:6)
  A bullfrog zombie (D:6)
  A crimson imp (D:4)
  A jelly (D:6)
  A centaur zombie (D:6)
  A hound (D:4)
  A bullfrog skeleton (D:6)
  Crazy Yiuf (D:7)
  9 orc wizards
  An iguana (D:5)
  7 orc priests
  Jessica (D:3)
  Ijyb (D:4)
  2 worker ants (D:6)
  Natasha (thrice) (D:3)
  2 killer bee zombies (D:7)
  The ghost of Flugslaktarn the Shield-Bearer, a weakling DDFi (D:3)
  A hound skeleton (D:8)
  A worker ant zombie (D:5)
  Robin (D:2)
  9 adders
  3 shadow imps
  2 ufetubi (D:6)
  3 oozes
  2 adder skeletons
  An adder zombie (D:8)
  2 worms
  3 dart slugs
  2 leopard geckos (D:1)
  25 orcs
  7 giant cockroaches
  19 goblins
  9 hobgoblins
  11 jackals
  3 quokkas
  A ball python (D:3)
  6 bats
  5 frilled lizards
  2 goblin skeletons (D:4)
  4 hobgoblin zombies (D:4)
  12 kobolds
  3 kobold skeletons (D:4)
  2 kobold zombies (D:4)
  An orc skeleton (D:4)
  An orc zombie (D:4)
  3 quokka skeletons
  10 rats
235 creatures vanquished.

Vanquished Creatures (others)
  24 fungi (D:8)
  29 plants
53 creatures vanquished.

Grand Total: 288 creatures vanquished

Notes
Turn   | Place    | Note
-------+----------+-------------------------------------------
     0 | D:1      | loralnil the Gnoll Transmuter began the quest for the Orb.
     0 | D:1      | Reached XP level 1. HP: 17/17 MP: 6/6
   138 | D:1      | Reached XP level 2. HP: 23/23 MP: 5/7
   618 | D:1      | Reached XP level 3. HP: 28/28 MP: 7/9
   694 | D:1      | Reached skill level 5 in Spellcasting
  1075 | D:2      | Reached skill level 1 in Invocations
  1274 | D:2      | Reached skill level 1 in Short Blades
  1274 | D:2      | Reached skill level 1 in Long Blades
  1274 | D:2      | Reached skill level 1 in Axes
  1274 | D:2      | Reached skill level 1 in Maces & Flails
  1274 | D:2      | Reached skill level 1 in Polearms
  1274 | D:2      | Reached skill level 1 in Staves
  1274 | D:2      | Reached skill level 1 in Slings
  1274 | D:2      | Reached skill level 1 in Bows
  1274 | D:2      | Reached skill level 1 in Crossbows
  1274 | D:2      | Reached skill level 1 in Throwing
  1274 | D:2      | Reached skill level 1 in Armour
  1274 | D:2      | Reached skill level 1 in Stealth
  1274 | D:2      | Reached skill level 1 in Shields
  1274 | D:2      | Reached skill level 1 in Evocations
  1313 | D:2      | Learned a level 2 spell: Wereblood
  1317 | D:2      | Learned a level 3 spell: Spider Form
  1336 | D:2      | Reached XP level 4. HP: 30/34 MP: 11/11
  1811 | D:2      | Noticed Robin
  1813 | D:2      | Reached skill level 1 in Conjurations
  1813 | D:2      | Reached skill level 1 in Hexes
  1813 | D:2      | Reached skill level 1 in Summonings
  1813 | D:2      | Reached skill level 1 in Necromancy
  1813 | D:2      | Reached skill level 1 in Translocations
  1813 | D:2      | Reached skill level 1 in Fire Magic
  1813 | D:2      | Reached skill level 1 in Ice Magic
  1813 | D:2      | Reached skill level 1 in Air Magic
  1813 | D:2      | Reached skill level 1 in Earth Magic
  1813 | D:2      | Reached skill level 1 in Poison Magic
  1829 | D:2      | Killed Robin
  1855 | D:2      | Found a white marble altar of Elyvilon.
  1926 | D:3      | Found a sacrificial altar of Ru.
  1943 | D:3      | Learned a level 4 spell: Ice Form
  1955 | D:3      | Reached XP level 5. HP: 40/40 MP: 12/12
  2141 | D:3      | Noticed Natasha
  2145 | D:3      | Killed Natasha
  2188 | D:3      | Noticed Natasha
  2194 | D:3      | Killed Natasha
  2209 | D:3      | Noticed Jessica
  2213 | D:3      | Killed Jessica
  2350 | D:3      | Noticed Natasha
  2355 | D:3      | Killed Natasha
  2355 | D:3      | Reached XP level 6. HP: 47/47 MP: 10/13
  2509 | D:3      | Found a blossoming altar of Fedhas.
  2553 | D:3      | Found a runed translucent gate.
  2556 | D:3      | Noticed Flugslaktarn's ghost (weakling DDFi)
  2558 | D:3      | Found a runed translucent gate.
  2558 | D:3      | Found a runed translucent gate.
  2561 | D:3      | Found a roughly hewn altar of Beogh.
  2571 | D:3      | Reached skill level 5 in Dodging
  2577 | D:3      | Killed Flugslaktarn's ghost
  3331 | D:4      | Found a glowing golden altar of the Shining One.
  3361 | D:4      | Noticed Ijyb
  3365 | D:4      | Became a worshipper of the Shining One
  3377 | D:4      | Reached XP level 7. HP: 48/52 MP: 15/15
  3412 | D:4      | Killed Ijyb
  3453 | D:4      | Reached skill level 7 in Unarmed Combat
  4128 | D:5      | Entered Level 5 of the Dungeon
  4583 | D:4      | Reached XP level 8. HP: 28/60 MP: 12/16
  5722 | D:6      | Reached * piety under the Shining One
  6198 | D:6      | Found an ornate altar of the Wu Jian Council.
  6211 | D:6      | Learned a level 5 spell: Blade Hands
  6225 | D:6      | Reached skill level 5 in Transmutations
  6225 | D:6      | Reached XP level 9. HP: 66/66 MP: 14/18
  6604 | D:7      | Found a bloodstained altar of Trog.
  6605 | D:7      | Reached ** piety under the Shining One
  7244 | D:7      | Found a staircase to the Ecumenical Temple.
  7258 | D:7      | Reached skill level 5 in Fighting
  7396 | D:7      | Found a shadowy altar of Dithmenos.
  7397 | D:7      | Found a bloodstained altar of Trog.
  7433 | D:7      | Found a stormy altar of Qazlal.
  7634 | D:7      | Noticed a hornet
  7640 | D:7      | Killed a hornet
  7640 | D:7      | Reached skill level 8 in Unarmed Combat
  7763 | D:7      | Reached skill level 5 in Invocations
  7765 | D:7      | Noticed Pikel
  7773 | D:7      | Killed Pikel
  7773 | D:7      | Reached XP level 10. HP: 70/74 MP: 17/20
  7960 | D:7      | Noticed Harold
  8017 | D:7      | Killed Harold
  8017 | D:7      | Reached skill level 5 in Short Blades
  8017 | D:7      | Reached skill level 5 in Long Blades
  8017 | D:7      | Reached skill level 5 in Axes
  8017 | D:7      | Reached skill level 5 in Maces & Flails
  8017 | D:7      | Reached skill level 5 in Polearms
  8017 | D:7      | Reached skill level 5 in Staves
  8017 | D:7      | Reached skill level 5 in Slings
  8017 | D:7      | Reached skill level 5 in Bows
  8017 | D:7      | Reached skill level 5 in Crossbows
  8017 | D:7      | Reached skill level 5 in Throwing
  8017 | D:7      | Reached skill level 5 in Armour
  8017 | D:7      | Reached skill level 5 in Stealth
  8017 | D:7      | Reached skill level 5 in Shields
  8017 | D:7      | Reached skill level 5 in Evocations
  8147 | D:7      | Noticed Duvessa
  8147 | D:7      | Noticed Dowan
  8152 | D:7      | Killed Dowan
  8158 | D:7      | Killed Duvessa
  8386 | D:7      | Found a runed translucent door.
  8387 | D:7      | Noticed Crazy Yiuf
  8392 | D:7      | Killed Crazy Yiuf
  8443 | D:8      | Found Ushramn's Armour Shoppe.
  8450 | D:8      | Reached *** piety under the Shining One
  8503 | D:8      | Noticed an unseen horror
  8511 | D:8      | Killed an unseen horror
  8561 | D:8      | Found a radiant altar of Vehumet.
  8562 | D:8      | Found a snail-covered altar of Cheibriados.
  8563 | D:8      | Found a shimmering blue altar of Sif Muna.
  8680 | D:8      | HP: 1/77 [ice beast (5)]
  8680 | D:8      | Mangled by an ice beast

Illustrated notes

Levels and vault maps discovered:
D:1:      wander_arrival_estate, layout_basic, serial_forest,
          infiniplex_forest_lined_2, infiniplex_forest_clump_long,
          infiniplex_forest_straight_5, infiniplex_forest_split,
          infiniplex_forest_end_3, infiniplex_forest_lined_corner,
          infiniplex_forest_clump_long, minmay_misc_feat_iff
D:2:      minmay_spotlight, layout_rooms, nicolae_overflow_hidden_temple,
          uniq_robin
D:3:      layout_loops_cross, nicolae_overflow_crystal_walls,
          lemuel_round_altar, biasface_ghost_orc_armoury, uniq_natasha,
          uniq_jessica
D:4:      layout_basic, nicolae_tso_besieged_by_evil, uniq_ijyb
D:5:      layout_gridville, minmay_stone_trees_medium
D:6:      layout_cave_pools, lemuel_doored_altar, serial_rivers,
          chequers_serial_rivers_micro_b, chequers_serial_rivers_large_a,
          chequers_serial_rivers_micro_e, chequers_serial_rivers_small_3
D:7:      layout_loops_ring, grunt_temple_overflow_open,
          minmay_temple_entry_purple_smoke, basic_altar,
          nicolae_qazlal_style_of_elements, uniq_harold, uniq_pikel,
          uniq_duvessa, uniq_crazy_yiuf_cottage
D:8:      wander_river, layout_cave_pools, minitemple,
          due_lair_maze_entry_diamond, serial_shops, shop

Skill      XL: |  1  2  3  4  5  6  7  8  9 10 |
---------------+-------------------------------+-----
Spellcasting   | 5 6 7 |  7.7
Invocations    | 1 2 3 4 5 6 |  6.2
Short Blades   | 1 2 3 4 5 |  5.7
Long Blades    | 1 2 3 4 5 |  5.7
Axes           | 1 2 3 4 5 |  5.7
Maces & Flails | 1 2 3 4 5 |  5.7
Polearms       | 1 2 3 4 5 |  5.7
Staves         | 1 2 3 4 5 |  5.7
Slings         | 1 2 3 4 5 |  5.7
Bows           | 1 2 3 4 5 |  5.7
Crossbows      | 1 2 3 4 5 |  5.7
Throwing       | 1 2 3 4 5 |  5.7
Armour         | 1 2 3 4 5 |  5.7
Stealth        | 1 2 3 4 5 |  5.7
Shields        | 1 2 3 4 5 |  5.7
Evocations     | 1 2 3 4 5 |  5.7
Conjurations   | 1 2 3 4 |  4.7
Hexes          | 1 2 3 4 |  4.7
Summonings     | 1 2 3 4 |  4.7
Necromancy     | 1 2 3 4 |  4.7
Translocations | 1 2 3 4 |  4.7
Fire Magic     | 1 2 3 4 |  4.7
Ice Magic      | 1 2 3 4 |  4.7
Air Magic      | 1 2 3 4 |  4.7
Earth Magic    | 1 2 3 4 |  4.7
Poison Magic   | 1 2 3 4 |  4.7
Fighting       | 3 4 5 6 |  6.3
Transmutations | 4 5 6 |  6.1
Dodging        | 5 6 7 |  7.4
Unarmed Combat | 7 8 |  8.8

Action                   |  1- 3 |  4- 6 |  7- 9 | 10-12 || total
-------------------------+-------+-------+-------+-------++-------
Melee: Unarmed           |    78 |   175 |   208 |    73 ||   534
       Headbutt          |    11 |    19 |     3 |       ||    33
       Kick              |    14 |    26 |     9 |       ||    49
       Bite              |     1 |    11 |     3 |     8 ||    23
       Punch             |       |     2 |       |     4 ||     6
 Cast: Beastly Appendage |    24 |    17 |     8 |       ||    49
       Spider Form       |       |     7 |     4 |       ||    11
       Wereblood         |       |     1 |       |       ||     1
       Ice Form          |       |       |    22 |     2 ||    24
       Blade Hands       |       |       |       |    10 ||    10
Invok: Divine Shield     |       |       |       |     1 ||     1
  Use: Scroll            |       |     6 |     8 |       ||    14
 Stab: Sleeping          |     1 |     2 |       |       ||     3
Armor: Robe              |    19 |    38 |     7 |     8 ||    72
       Skin              |       |     1 |    28 |       ||    29
Dodge: Dodged            |    55 |   153 |   131 |    46 ||   385
Block: Other             |       |       |       |    11 ||    11

Table legend: (Time is in decaauts)
 A = Elapsed time spent in this place.
 B = Non-inter-level travel time spent in this place.
 C = Inter-level travel time spent in this place.
 D = Time resting spent in this place.
 E = Time spent auto-exploring this place.
 F = Levels seen in this place.
 G = Mean time per level.
                   A        B        C        D        E       F      G
               +--------+--------+--------+--------+--------+-----+--------+
         Total |   8640 |   8424 |    216 |   1051 |   5968 |   8 | 1080.0 |
       Dungeon |   8640 |   8424 |    216 |   1051 |   5968 |   8 | 1080.0 |
               +--------+--------+--------+--------+--------+-----+--------+

Top non-repeatable levels by time:
     D:6: 1680 daAuts
     D:4: 1607 daAuts
     D:7: 1417 daAuts
     D:3: 1160 daAuts
     D:1: 1061 daAuts
     D:2: 828 daAuts
     D:5: 652 daAuts
     D:8: 230 daAuts
